 Dungeon Crawl Stone Soup version 0.29.1-1-gd02db6906a (webtiles) character file.

Game seed: 3075798696147300211

6378 Acheron the Cleaver (level 10, -15/88 HPs)
             Began as a Minotaur Fighter on Sept 19, 2022.
             Was a Follower of Nemelex Xobeh.
             Killed from afar by a steam dragon (27 damage)
             ... with a ball of steam
             ... on level 9 of the Dungeon.
             The game lasted 00:42:15 (10956 turns).

Acheron the Cleaver (Minotaur Fighter)             Turns: 10956, Time: 00:42:15

Health: -15/88     AC: 11    Str: 21    XL:     10   Next: 65%
Magic:  0/10       EV: 11    Int:  7    God:    Nemelex Xobeh [*.....]
Gold:   1664       SH:  5    Dex: 12    Spells: 9/9 levels left

rFire   . . .      SeeInvis .   a - +0 war axe
rCold   . . .      Faith    .   c - +0 buckler
rNeg    . . .      Spirit   +   P - +0 scale mail {Will+}
rPois   .          Reflect  .   i - +2 hat
rElec   .          Harm     .   (no cloak)
rCorr   .          Rampage  .   (no gloves)
Will    +....                   m - +0 pair of boots
Stlth   +.........              r - amulet of guardian spirit
HPRegen 0.24/turn               (no ring)
MPRegen 0.12/turn               (no ring)

@: no status effects
A: horns 2, retaliatory headbutt
a: Renounce Religion, Draw Escape, Draw Destruction, Draw Summoning


You were on level 9 of the Dungeon.
You worshipped Nemelex Xobeh.
Nemelex Xobeh was aware of your devotion.
You visited 2 branches of the dungeon, and saw 12 of its levels.

You collected 1802 gold pieces.
You spent 138 gold pieces at shops.

Inventory:

Hand Weapons
 a - a +0 war axe (weapon)
 v - a +1 dire flail of draining
 y - a +0 whip of flaming
 F - a +4 dagger of protection
 H - a +1 falchion of venom
Missiles
 p - 27 poisoned darts (quivered)
 G - 5 javelins
 I - a curare-tipped dart
 K - 2 throwing nets
 M - a boomerang
Armour
 c - a +0 buckler (worn)
 g - the +1 robe of Divine Intervention {Contam rF+ Dex+4 Slay+3}
   (You found it on level 2 of the Dungeon)

   Dex:       It affects your dexterity (+4).
   Slay:      It affects your accuracy & damage with ranged weapons and melee
   (+3).
   rF:        It protects you from fire.
   Contam:    It causes magical contamination when unequipped.
 i - a +2 hat (worn)
 m - a +0 pair of boots (worn)
 x - a +3 leather armour of cold resistance
 P - a +0 scale mail of willpower (worn)
Magical Staves
 J - a staff of air
Jewellery
 f - an amulet of faith
 n - a ring of fire
 o - a ring of flight
 r - an amulet of guardian spirit (around neck)
Wands
 j - a wand of polymorph (2)
 s - a wand of paralysis (4)
 u - a wand of digging (3)
 B - a wand of flame (11)
Scrolls
 e - a scroll of silence
 z - a scroll of identify
 C - a scroll of fear
 D - a scroll of magic mapping
 E - 2 scrolls of summoning
 L - 2 scrolls of amnesia
 N - a scroll of butterflies
Potions
 d - 2 potions of might
 h - 2 potions of resistance
 k - 6 potions of mutation
 l - a potion of lignification
 t - 3 potions of curing
 w - 2 potions of brilliance
 A - 2 potions of magic
 O - a potion of ambrosia


   Skills:
 * Level 7.6 Fighting
 * Level 10.8 Axes
 * Level 4.0 Throwing
 * Level 8.4 Armour
 * Level 4.9 Dodging
 * Level 4.5 Stealth
 * Level 7.0 Shields
 * Level 1.4 Invocations
 * Level 3.7 Evocations


You had 9 spell levels left.
You didn't know any spells.
Your spell library contained the following spells:

 Spells                   Type           Power      Damage    Failure   Level
 Blink                    Tloc           0%         N/A       91%         2
 Animate Dead             Necr           0%         N/A       100%        4
 Agony                    Necr           0%         N/A       100%        5
 Manifold Assault         Tloc           0%         N/A       100%        5
 Haunt                    Necr/Summ      0%         N/A       100%        7
 Storm Form               Tmut/Air       0%         N/A       100%        7
 Ignition                 Fire           0%         3d3       100%        8
 Infestation              Necr           0%         N/A       100%        8


Dungeon Overview and Level Annotations

Branches:
Dungeon (11/15)            Temple (1/1) D:4            Lair (0/5) D:8
    Orc: D:9-12

Altars:
Ashenzari
Cheibriados
Dithmenos
Elyvilon
Fedhas
Gozag
Hepliaklqana
Kikubaaqudgha
Makhleb
Nemelex Xobeh
Okawaru
Qazlal
Ru
Sif Muna
Trog
Uskayaw
Vehumet
Wu Jian
Xom
Yredelemnul
Zin
The Shining One

Shops:
D:6 *

Annotations:
D:6 1 runed translucent door, LucemDeus's ghost, novice DsGl


Innate Abilities, Weirdness & Mutations

You have a pair of horns on your head.
You reflexively headbutt those who attack you in melee.


Message History

The steam dragon breathes steam at you. The ball of steam hits you.
* * * LOW HITPOINT WARNING * * *
The sky beast hits you but does no damage.
The steam dragon bites you but does no damage.
The steam dragon claws you but does no damage.
The sky beast hits you. The sky beast shocks you.
* * * LOW HITPOINT WARNING * * *
You feel better.
You are engulfed in a cloud of scalding steam.
The steam dragon bites you but does no damage.
The steam dragon claws you but does no damage.
The sky beast hits you but does no damage.
The steam dragon breathes steam at you. The ball of steam hits you.
* * * LOW HITPOINT WARNING * * *
Okay, then.
You feel better.
You are engulfed in a cloud of scalding steam.
The sky beast hits you but does no damage.
You are engulfed in a cloud of scalding steam.
The steam dragon barely misses you.
The steam dragon claws you but does no damage.
Items here: $ ) ? [ †.
You closely miss the steam dragon.
The steam dragon is almost dead.
You closely miss the sky beast.
You are engulfed in a cloud of scalding steam.
The steam dragon breathes steam at you. The ball of steam hits you!
* * * LOW HITPOINT WARNING * * *
The sky beast completely misses you. You furiously retaliate!
You headbutt the sky beast!
You feel better. The sky beast closely misses you.
The steam dragon bites you but does no damage.
You block the steam dragon's attack. The steam dragon breathes steam at you.
The ball of steam hits you!!
You die...
Your body disappears without a glow.

.........# #......# #.#
##+####### ###+#### #.#
##. #.# #.. #.# #.#
##'#### #§# ####......
#§# ##.........
#####)#####..##......
#.§)@DY..............
.....###.##...#....#....
### #.#....§~~~~~....
#....#§§≈≈≈≈≈§...
#....~§≈.#..§≈~#.
#..#~≈≈...#$.≈~..
#...~≈..###..≈~.!
#...~≈..#[$.≈≈~.. ...#§
≈. #.≈D~#..


You could see a steam dragon (catching breath) and a sky beast.

Vanquished Creatures
  Pikel (D:6)
  An unseen horror (D:9)
  A shadow (D:10)
  Sigmund (D:3)
  6 yaks
  A steam dragon (D:9)
  Edmund (D:6)
  Duvessa (D:6)
  3 sky beasts
  2 ice beasts
  2 orc warriors
  A black bear (D:8)
  4 ogres
  2 centaurs
  3 phantoms
  3 kobold brigands
  Blork the orc (D:5)
  8 bullfrogs
  2 gnoll sergeants
  4 scorpions
  3 necrophages
  3 wights
  Dowan (D:6)
  A howler monkey (D:6)
  5 orc priests
  9 hounds
  2 gnoll boudas
  3 iguanas
  5 orc wizards
  19 gnolls
  7 adders
  A worm (D:3)
  6 dart slugs
  29 orcs
  9 endoplasms
  5 giant cockroaches
  5 goblins
  4 hobgoblins
  7 jackals
  2 quokkas
  6 ball pythons
  4 bats (D:1)
  3 frilled lizards (D:2)
  18 kobolds
  2 rats
207 creatures vanquished.

Vanquished Creatures (others)
  12 fungi (D:8)
  10 plants
22 creatures vanquished.

Grand Total: 229 creatures vanquished

Notes
Turn   | Place    | Note
-------+----------+-------------------------------------------
     0 | D:1      | Acheron the Minotaur Fighter began the quest for the Orb.
     0 | D:1      | Reached XP level 1. HP: 19/19 MP: 0/0
   367 | D:1      | Reached XP level 2. HP: 27/27 MP: 1/1
  1056 | D:1      | Reached XP level 3. HP: 28/33 MP: 2/2
  1212 | D:2      | Reached skill level 3 in Axes
  1318 | D:2      | Reached XP level 4. HP: 18/40 MP: 3/3
  1803 | D:2      | Identified the +1 robe of Divine Intervention {Contam rF+
                  | Dex+4 Slay+3}
  1814 | D:3      | Reached skill level 1 in Stealth
  2121 | D:2      | Found a faded altar of an unknown god.
  2274 | D:2      | Reached skill level 1 in Dodging
  2363 | D:3      | Noticed Sigmund
  2396 | D:3      | Killed Sigmund
  2397 | D:3      | Reached skill level 4 in Axes
  2397 | D:3      | Reached skill level 5 in Armour
  2397 | D:3      | Reached XP level 5. HP: 42/47 MP: 4/4
  2428 | D:3      | Found a shadowy altar of Dithmenos.
  2514 | D:3      | Reached XP level 6. HP: 53/53 MP: 5/5
  2642 | D:3      | Found a burning altar of Makhleb.
  2642 | D:3      | Found a snail-covered altar of Cheibriados.
  3007 | D:4      | Found a staircase to the Ecumenical Temple.
  3013 | Temple   | Entered the Ecumenical Temple
  3131 | D:5      | Entered Level 5 of the Dungeon
  3347 | D:4      | Reached skill level 5 in Fighting
  3403 | D:4      | Reached skill level 5 in Axes
  3403 | D:4      | Reached XP level 7. HP: 61/61 MP: 6/6
  3562 | D:5      | Noticed Ijyb
  3567 | D:5      | Noticed Ijyb
  3567 | D:5      | Ijyb changed into Ijyb the hound
  3572 | D:5      | Killed Ijyb the hound
  3627 | D:5      | Reached skill level 5 in Shields
  3788 | D:5      | Noticed Blork the orc
  3793 | D:5      | Killed Blork the orc
  3822 | D:5      | Found a glowing silver altar of Zin.
  3934 | D:5      | Reached skill level 6 in Axes
  4086 | D:5      | Found a hazy altar of Hepliaklqana.
  4098 | D:5      | Reached skill level 1 in Throwing
  4098 | D:5      | Reached skill level 1 in Evocations
  4098 | D:5      | Reached XP level 8. HP: 56/68 MP: 4/7
  4269 | D:6      | Noticed Pikel
  4272 | D:6      | Reached skill level 7 in Axes
  4286 | D:6      | Killed Pikel
  4287 | D:6      | Reached skill level 8 in Axes
  4287 | D:6      | Reached XP level 9. HP: 21/75 MP: 4/8
  4573 | D:6      | Noticed LucemDeus's ghost (novice DsGl)
  4576 | D:6      | Found a runed translucent door.
  4586 | D:6      | Noticed Edmund
  4600 | D:6      | Noticed Dowan
  4604 | D:6      | Noticed Duvessa
  4610 | D:6      | Identified a scroll of acquirement
  4610 | D:6      | Acquired 1038 gold pieces
  4619 | D:6      | Killed Duvessa
  4622 | D:6      | Killed Edmund
  4625 | D:6      | Killed Dowan
  4946 | D:6      | Found Mugagh's Merry Market.
  4975 | D:6      | Bought a scroll of magic mapping for 90 gold pieces
  4975 | D:6      | Bought a potion of might for 48 gold pieces
  5350 | D:8      | Reached skill level 9 in Axes
  5641 | D:8      | Got Sif Muna's Volume of Red-Hot Gloom
  5842 | D:7      | Found a sparkling altar of Nemelex Xobeh.
  6210 | D:7      | Found a blossoming altar of Fedhas.
  6359 | D:8      | Found a staircase to the Lair.
  6876 | D:7      | Became a worshipper of Nemelex Xobeh the Trickster
  7337 | D:5      | Found a sacrificial altar of Ru.
  7382 | D:5      | Reached XP level 10. HP: 78/84 MP: 9/9
  7936 | D:4      | Reached skill level 10 in Axes
  8204 | D:4      | Found a hide-covered altar of Uskayaw.
  9553 | D:10     | Entered Level 10 of the Dungeon
  9901 | D:9      | Reached skill level 1 in Invocations
 10621 | D:10     | Reached * piety under Nemelex Xobeh
 10687 | D:10     | Noticed a two-headed ogre
 10949 | D:9      | HP: 3/88 [sky beast (5)]
 10954 | D:9      | HP: 3/88 [steam dragon/ball of steam (16)]
 10956 | D:9      | Killed from afar by a steam dragon

Illustrated notes

Levels and vault maps discovered:
D:1:      dpeg_arrival_snail, layout_basic
D:2:      layout_loops_ring, hellmonk_ecumenical_altar_defaced_shrine
D:3:      layout_rooms, nicolae_dithmenos_the_darkroom,
          nicolae_overflow_two_pavilions, uniq_sigmund
D:4:      minmay_polygon_palace, layout_loops_ring,
          nicolae_uskayaw_murder_on_the_dancefloor,
          minmay_temple_entry_enclosed_plants
D:5:      layout_rooms, mainiacjoe_overflow_24_doors, zin_scriptorium,
          mainiacjoe_overflow_brackets, uniq_blork_the_orc, uniq_ijyb
D:6:      layout_cave_pools, hellmonk_ghost_happy_afterlife,
          nicolae_alphabet_shops, nicolae_zen_rock_garden, uniq_edmund,
          uniq_pikel, uniq_duvessa
D:7:      layout_basic, marbit_many_paths, fedhas_altar_1
D:8:      layout_loops_corners, grunt_lair_entry_orc_guard_hut,
          hangedman_abyss_or_decor_stabs
D:9:      layout_roguey, hangedman_misty_isle
D:10:     layout_loops_ring, small_statue_intersection
D:11:     layout_basic, serial_shops, shop, eino_jars, uniq_snorg
Temple:   hellmonk_temple_forest_ring

Skill      XL: |  1  2  3  4  5  6  7  8  9 10 |
---------------+-------------------------------+-----
Armour         | 4 5 6 7 8 |  8.4
Fighting       | 4 5 6 7 |  7.6
Axes           | 3 4 5 6 8 9 10 | 10.8
Shields        | 4 5 6 7 |  7.0
Stealth        | 1 2 3 4 |  4.5
Dodging        | 1 2 3 4 |  4.9
Throwing       | 1 2 3 4 |  4.0
Evocations     | 1 2 3 |  3.7
Invocations    | 1 |  1.4

Action                   |  1- 3 |  4- 6 |  7- 9 | 10-12 || total
-------------------------+-------+-------+-------+-------++-------
Melee: War axe           |    75 |   100 |   266 |   197 ||   638
       Headbutt          |     8 |    17 |    42 |    34 ||   101
Throw: Dart              |       |       |     6 |     5 ||    11
Evoke: Wand              |       |       |    11 |       ||    11
  Use: Scroll            |     5 |     8 |     8 |     4 ||    25
       Potion            |       |     1 |     3 |     4 ||     8
 Stab: Paralysed         |       |       |     9 |       ||     9
       Sleeping          |       |       |       |     1 ||     1
Armor: Scale mail        |    45 |    38 |   151 |    96 ||   330
       Skin              |       |     7 |       |       ||     7
Dodge: Dodged            |    30 |    40 |   137 |   107 ||   314
Block: Buckler           |    18 |    13 |    84 |    63 ||   178
